Map: Backwater LE

Players

iPlay

  • Race: Zerg Zerg
  • League: Silver
  • Spawn Location: 11:00

CinDra - Winner!

  • Race: Zerg Zerg
  • League: Gold
  • Spawn Location: 5:00

VOD

Have the link to the VOD?

Description

Time

  • Played on: March 15, 2018, 10:02 p.m.
  • Length: 13:19
Show
View Real Time Build Order
Export as new Build Order

iPlay Zerg 

Build Orders: Hatch First 

Get SALT Encoding   

  12  0:00  Drone  
  13  0:08  Drone  
  14  0:18  Overlord  
  14  0:36  Drone x3  
  17  0:48  Drone  
  18  0:58  Hatchery  
  18  1:00  Drone  
  18  1:02  Extractor  
  17  1:15  Spawning Pool  
  17  1:17  Drone  
  17  1:23  Drone  
  18  1:36  Drone  
  19  1:46  Overlord  
  19  2:02  Zergling x2  
  19  2:03  Zergling x2  
  19  2:04  Metabolic Boost  
  21  2:08  Queen  
  21  2:10  Queen  
  21  2:12  Zergling x2  
  26  2:15  Zergling x2  
  27  2:23  Zergling x2  
  27  2:26  Zergling x2  
  29  2:36  Zergling x4  
  31  2:43  Zergling x2  
  32  2:54  Zergling x4  
  34  3:00  Lair  
  33  3:12  Zergling x6  
  34  3:15  Zergling x2  
  35  3:20  Baneling Nest  
  35  3:22  Drone x3, Extractor  
  35  3:44  Zergling x4  
  30  3:50  Zergling x12  
  36  4:05  Centrifical Hooks  
  36  4:11  Zergling x2  
  36  4:12  Overlord  
  35  4:41  Baneling x7  
  35  4:43  Drone x3  
  35  4:44  Drone  
  39  4:47  Drone x2  
  39  4:48  Drone  
  39  4:50  Drone  
  38  5:02  Zergling x4  
  38  5:03  Zergling x2  
  35  5:09  Zergling x2  
  35  5:10  Zergling x2  
  37  5:17  Zergling x6  
  37  5:18  Zergling x2  
  41  5:23  Zergling x2  
  41  5:24  Zergling x2  
  43  5:29  Zergling x2  
  44  5:38  Zergling x2  
  36  5:44  Zergling x2  
  36  5:46  Zergling x10  
  36  5:47  Zergling x2  
  37  5:54  Zergling x2  
  37  5:55  Zergling x2  
  31  6:06  Zergling x2  
  31  6:10  Drone x2  
  34  6:12  Queen  
  36  6:21  Drone x2  
  38  6:32  Drone x2  
  40  6:33  Drone  
  40  6:35  Drone  
  42  6:42  Drone  
  43  6:47  Baneling x3  
  43  6:48  Baneling x4  
  43  6:49  Baneling  
  43  6:52  Drone  
  44  7:04  Overlord  
  44  7:05  Overlord  
  44  7:14  Zergling x2, Spine Crawler x2  
  43  7:16  Zergling x2  
  44  7:24  Zergling x6  
  44  7:37  Zergling x2  
  44  7:38  Zergling x10  
  49  7:48  Zergling x2  
  43  7:57  Zergling x8  
  46  8:10  Zergling x4  
  46  8:11  Zergling x2  
  49  8:19  Baneling  
  49  8:20  Baneling x17  
  49  8:23  Zergling x2  
  50  8:32  Zergling x6  
  47  8:45  Zergling x2  
  47  8:46  Zergling x2  
  40  8:54  Roach Warren  
  37  8:57  Drone  
  37  8:58  Drone x4  
  42  9:33  Glial Reconstitution  
  42  9:35  Roach  
  42  9:36  Roach x8  
  60  9:42  Baneling x6  
  60  9:43  Baneling x5  
  60  9:59  Roach  
  56  10:00  Roach x2  
  60  10:15  Overlord x2  
  60  10:16  Overlord x2  
  60  10:25  Extractor  
  61  10:35  Roach  
  61  10:36  Roach x6  
  61  10:40  Ravager  
  61  10:41  Ravager x5  
  79  10:49  Evolution Chamber  
  78  10:50  Evolution Chamber  
  77  10:57  Roach  
  77  10:58  Roach  
  81  11:12  Roach x3  
  81  11:13  Roach  
  81  11:15  Roach  
  89  11:53  Roach  
  89  11:54  Overlord x6  
  87  12:13  Roach x5  
  87  12:14  Roach  
  99  12:50  Roach  
  99  12:51  Roach  
  103  12:53  Hatchery  
Show
View Real Time Build Order
Export as new Build Order

CinDra Zerg - Winner!

Build Orders: Hatch First 

Get SALT Encoding   

  12  0:02  Drone  
  13  0:12  Overlord  
  13  0:17  Drone  
  14  0:31  Drone x2  
  14  0:35  Drone  
  17  0:54  Hatchery  
  17  0:55  Drone  
  17  1:02  Drone  
  18  1:08  Extractor  
  17  1:14  Spawning Pool  
  17  1:17  Drone  
  17  1:25  Drone  
  18  1:28  Drone  
  19  1:39  Overlord  
  19  1:50  Drone  
  20  2:01  Zergling x2  
  21  2:02  Queen  
  23  2:10  Metabolic Boost  
  23  2:11  Queen  
  23  2:12  Zergling x2  
  23  2:14  Zergling x2  
  27  2:19  Drone  
  27  2:22  Drone  
  29  2:33  Drone  
  29  2:34  Drone  
  31  2:44  Overlord  
  31  2:45  Drone  
  31  2:50  Zergling x2  
  33  2:56  Queen  
  35  3:01  Zergling x2  
  33  3:17  Zergling x2  
  33  3:18  Zergling x10  
  39  3:24  Hatchery, Drone  
  39  3:25  Overlord  
  37  3:59  Queen  
  37  4:00  Zergling x8  
  37  4:01  Overlord  
  37  4:02  Overlord  
  38  4:25  Drone  
  38  4:26  Roach Warren  
  38  4:27  Drone x3  
  38  4:30  Zergling x4  
  38  4:31  Zergling x4  
  45  4:45  Zergling x2  
  45  4:46  Zergling x8  
  45  4:47  Overlord  
  46  5:22  Roach x8  
  46  5:24  Overlord  
  62  5:31  Extractor  
  62  5:33  Drone x3  
  58  6:09  Zergling x18  
  58  6:10  Zergling x4  
  67  6:14  Queen  
  67  6:16  Drone  
  70  6:28  Zergling x6  
  73  6:35  Lair  
  73  6:39  Drone x3  
  76  6:46  Extractor x2  
  74  6:56  Drone, Overlord  
  74  6:57  Overlord  
  74  6:58  Zergling x8  
  74  6:59  Zergling x4  
  81  7:10  Overlord  
  81  7:11  Overlord x2  
  64  7:36  Zergling x16  
  64  7:37  Zergling x4  
  71  7:50  Roach x6  
  71  7:51  Roach x2  
  81  7:58  Glial Reconstitution  
  71  8:15  Roach  
  71  8:16  Roach x5  
  83  8:25  Overseer x4  
  69  8:47  Roach x6  
  69  8:48  Roach  
  69  8:49  Zergling x10  
  74  9:07  Zergling x22  
  85  9:15  Pneumatized Carapace  
  85  9:24  Drone x3  
  85  9:25  Drone  
  85  9:26  Drone  
  90  9:40  Drone x2  
  90  9:41  Drone x8  
  80  10:13  Extractor  
  79  10:15  Drone x3, Extractor  
  79  10:16  Drone x10  
  79  10:17  Overlord x2  
  79  10:18  Roach x2  
  95  10:30  Spire  
  94  10:43  Drone x3  
  94  10:47  Roach x9  
  94  10:49  Overlord  
  115  11:12  Hatchery  
  115  11:15  Roach x3  
  115  11:16  Roach x6  
  132  11:36  Overlord x4  
  132  11:37  Overlord x3  
  132  11:55  Mutalisk x7  
  132  11:56  Mutalisk  
  132  11:58  Evolution Chamber  
  132  12:01  Evolution Chamber  
  141  12:11  Roach x5  
  151  12:20  Hatchery  
  150  12:24  Roach x3  
  156  12:44  Roach x2, Mutalisk x3  
  156  12:45  Roach  
  156  12:46  Overlord  
Tags
 
Add a new tag
Caveats
  • Supply blocks, unpowered buildings, or Contaminate may cause inaccurate times.
  • Supply counts are checked every 10 seconds.